 Dungeon Crawl Stone Soup version 0.23.2-30-g0e89c35649 (webtiles) character file.

Game seed: 17707147230468754463

219 Mrkan the Shield-Bearer (level 5, 0/34 HPs)
             Began as a Gargoyle Fighter on June 23, 2019.
             Slain by an iguana (4 damage)
             ... on level 4 of the Dungeon.
             The game lasted 00:03:59 (1940 turns).

Mrkan the Shield-Bearer (Gargoyle Fighter)          Turns: 1940, Time: 00:04:00

Health: 0/34       AC: 12    Str: 19    XL:     5   Next: 96%
Magic:  5/5        EV:  7    Int:  9    God:
Gold:   129        SH:  9    Dex: 10    Spells: 4/4 levels left

rFire    . . .     SeeInvis .   a - +0 flail
rCold    . . .     Gourm    .   c - +0 shield
rNeg     + . .     Faith    .   b - +0 scale mail
rPois    ∞         Spirit   .   (no helmet)
rElec    +         Reflect  .   q - +0 cloak
rCorr    .         Harm     .   (no gloves)
MR       .....                  (no boots)
Stlth    ..........             (no amulet)
HPRegen  0.11/turn              (no ring)
MPRegen  0.09/turn              (no ring)

@: no status effects
A: negative energy resistance 1, electricity resistance, unbreathing,
petrification resistance, rot immunity, AC +4
a: no special abilities


You were on level 4 of the Dungeon.
You were not hungry.

You visited 1 branch of the dungeon, and saw 4 of its levels.

You collected 129 gold pieces.

Inventory:

Hand Weapons
 a - a +0 flail (weapon)
Armour
 b - a +0 scale mail (worn)
 c - a +0 shield (worn)
 q - a +0 cloak (worn)
Jewellery
 g - an uncursed amulet of guardian spirit {unknown}
Scrolls
 e - 3 scrolls of identify {unknown}
 h - a scroll of teleportation {unknown}
 i - a scroll of remove curse {unknown}
 j - a scroll of fear {unknown}
 k - a scroll of random uselessness {unknown}
 l - 2 scrolls of amnesia {unknown}
 m - a scroll of fog {unknown}
 n - 2 scrolls of enchant armour {unknown}
 o - a scroll of blinking {unknown}
 r - a scroll of enchant weapon {unknown}
Potions
 d - a potion of might
 p - a potion of lignification {unknown}
Comestibles
 f - 8 rations
 s - 2 chunks of flesh


   Skills:
 + Level 4.4 Fighting
 * Level 4.4 Maces & Flails
 - Level 3.2 Armour
 + Level 4.5 Shields


You had 4 spell levels left.
You didn't know any spells.
Your spell library was empty.

Dungeon Overview and Level Annotations

Branches:
Dungeon (4/15)
 Temple: D:4-7

Altars:
Dithmenos
Kikubaaqudgha
Makhleb
Sif Muna
Zin

Annotations:
D:3 Sigmund


Innate Abilities, Weirdness & Mutations

You are resistant to torment.
Your stone body is resilient. (AC +4)
You are immune to poison.
You resist negative energy. (rN+)
You are resistant to electric shocks. (rElec)
You can survive without breathing.
You are immune to petrification.
You are immune to rotting.


Message History

The iguana bites you but does no damage.
The adder barely misses you.
Your shield and scale mail prevent you from hitting the adder.
The adder is severely wounded.
The adder bites you but does no damage. The iguana bites you.
* * * LOW HITPOINT WARNING * * *
The adder bites you but does no damage. The iguana bites you.
* * * LOW HITPOINT WARNING * * *
You sock the iguana!
The iguana is severely wounded.
The adder bites you but does no damage. The iguana completely misses you.
You hit the iguana.
The iguana is almost dead.
The adder bites you but does no damage.
The iguana bites you but does no damage.
You block the adder's attack.
You barely miss the iguana.
The iguana is almost dead.
You block the adder's attack. The iguana bites you.
You die...

.. ###...# #.......# #
...#####....# #.>....#
............# #......##
......$....÷#####..(....##
.........#...#.#......<...
.....<.#.....#........#...
......##.Ol#....#...#####(
........#S##...##.....#.##
........#@##..###>.#.....#
........l.##.......#....##
.............#....##......
...........##....#.....#
..........####...>.....#
...........##...##.##.##
.............#.######.#
..............## ###
.....##..#


You could see an ogre, an iguana, an adder and a leopard gecko.

Vanquished Creatures
  A phantom (D:4)
  An orc wizard (D:4)
  A gnoll (D:1)
  3 adders
  3 worms (D:2)
  2 dart slugs (D:1)
  3 leopard geckos
  2 orcs (D:4)
  2 giant cockroaches
  7 goblins
  8 hobgoblins
  2 jackals (D:1)
  A quokka (D:3)
  13 bats
  4 frilled lizards
  2 kobolds (D:1)
  2 rats
57 creatures vanquished.

Notes
Turn   | Place    | Note
-------+----------+-------------------------------------------
     0 | D:1      | Mrkan the Gargoyle Fighter began the quest for the Orb.
     0 | D:1      | Reached XP level 1. HP: 14/14 MP: 1/1
   161 | D:1      | Reached XP level 2. HP: 19/19 MP: 2/2
   237 | D:1      | Reached XP level 3. HP: 18/23 MP: 3/3
   829 | D:2      | Reached XP level 4. HP: 26/29 MP: 4/4
  1145 | D:2      | Found an ancient bone altar of Kikubaaqudgha.
  1145 | D:2      | Found a burning altar of Makhleb.
  1150 | D:2      | Found a deep blue altar of Sif Muna.
  1152 | D:2      | Found a shadowy altar of Dithmenos.
  1153 | D:2      | Found a glowing silver altar of Zin.
  1554 | D:3      | Noticed Sigmund
  1684 | D:4      | Reached XP level 5. HP: 7/33 MP: 5/5
  1825 | D:4      | Noticed a phantom
  1877 | D:4      | Killed a phantom
  1919 | D:4      | Noticed an ogre
  1940 | D:4      | Slain by an iguana

Skill      XL: |  1  2  3  4  5 |
---------------+----------------+-----
Maces & Flails | 3 4 |  4.4
Shields        | 4 |  4.5
Fighting       | 4 |  4.4
Armour         | |  3.2

Action                   |  1- 3 |  4- 6 || total
-------------------------+-------+-------++-------
Melee: Flail             |   157 |   141 ||   298
  Eat: Chunk             |       |     4 ||     4
Armor: Scale mail        |   114 |    96 ||   210
Dodge: Dodged            |    68 |    39 ||   107
Block: Shield            |    90 |    76 ||   166
